 Dungeon Crawl Stone Soup version 0.30.0-19-g36f170ea60 (webtiles) character file.

Game seed: 16736107009184183535

5 jasper the Sneak (level 1, -1/9 HPs)
             Began as a Spriggan Earth Elementalist on June 1, 2023.
             Slain by a hobgoblin (5 damage)
             ... on level 1 of the Dungeon.
             The game lasted 00:00:29 (164 turns).

jasper the Sneak (Spriggan Earth Elementalist)       Turns: 164, Time: 00:00:29

Health: -1/9       AC:  2    Str:  4    XL:     1   Next: 66%
Magic:  1/5        EV: 17    Int: 16    God:
Gold:   0          SH:  0    Dex: 15    Spells: 4/5 levels left

rFire   . . .        (weapon restricted)
rCold   . . .        (no shield)
rNeg    . . .        a - +0 robe
rPois   .            (helmet restricted)
rElec   .            (no cloak)
rCorr   .            (gloves unavailable)
SInv    +            (boots unavailable)
Will    .....        (no amulet)
Stlth   ++           (no ring)
HPRegen 0.21/turn    (no ring)
MPRegen 0.09/turn

%: no passive effects
@: very quick
A: very small, no large weapons, unfitting armour, see invisible, speed 3
a: no special abilities


You were on level 1 of the Dungeon.
You visited 1 branch of the dungeon, and saw 1 of its levels.

Inventory:

Armour
 a - a +0 robe (worn)
Potions
 b - a potion of magic
 c - a potion of curing {unknown}


   Skills:
 * Level 2.8 Dodging
 * Level 3.2 Stealth
 * Level 2.8 Spellcasting
 * Level 1.6 Transmutations
 + Level 2.7 Earth Magic


You had 4 spell levels left.
You knew the following spells:

 Your Spells              Type           Power      Damage    Failure   Level
a - Sandblast             Erth           22%        2d7       6%          1

Your spell library contained the following spells:

 Spells                   Type           Power      Damage    Failure   Level
 Passwall                 Tmut/Erth      7%         N/A       12%         2
 Stone Arrow              Conj/Erth      12%        3d7       32%         3
 Petrify                  Tmut/Erth      9%         N/A       58%         4


Dungeon Overview and Level Annotations

Branches:
Dungeon (1/15)

Altars:


Innate Abilities, Weirdness & Mutations

You are very small and have problems with some larger weapons.
You are too small for most types of armour.
You have supernaturally acute eyesight. (SInv)
You cover ground extremely quickly. (Speed+++)


Message History

The dart slug is severely wounded.
The hobgoblin shouts!
You now have 4/5 mp.
The blast of sand hits the dart slug!
You kill the dart slug!
A dart slug comes into view.
You now have 3/5 mp.
The blast of sand hits the hobgoblin but does no damage.
You now have 2/5 mp.
The blast of sand misses the hobgoblin.
The hobgoblin completely misses you. x2
You now have 1/5 mp.
The blast of sand hits the hobgoblin but does no damage.
The hobgoblin closely misses you.
You now have 0/5 mp.
The blast of sand hits the hobgoblin.
The hobgoblin is lightly wounded.
You now have 0/5 mp.
There is an open door here.
You close the door.
You start resting.
A hobgoblin opens the door.
The blast of sand hits the hobgoblin.
The hobgoblin is heavily wounded.
You now have 0/5 mp.
You hit the hobgoblin but do no damage.
The hobgoblin is heavily wounded.
The hobgoblin hits you but does no damage.
You barely miss the hobgoblin.
The hobgoblin is heavily wounded.
The hobgoblin closely misses you.
You barely miss the hobgoblin.
The hobgoblin is heavily wounded.
The hobgoblin hits you.
Ouch! That really hurt!
You take 5 damage, and have 4/9 hp.
MASSIVE DAMAGE!!
You barely miss the hobgoblin.
The hobgoblin is heavily wounded.
The hobgoblin hits you.
Ouch! That really hurt!
You die...

#...# #.######## #...#
##......).. #### #...#
#.....g.... ...# #...#
###g##.w### ...#
#########...#######.##..###
...####..........................
...##...#........................
...#..###(.......########g#######
.....####.......@g..w............
..>..............################
...######........# ###≈§≈ ≈≈#
##.# #........###≈§≈≈§≈≈≈≈ #.#
#........##≈§§§§#§≈≈≈ ##'##
#.#####.###§§≈≈≈≈§§ #...# #.#
#.##≈§#≈§≈≈≈ #...# #.###
#..#§§≈≈≈#### #..)# #...#
##§'.......<#


You could see a dart slug and a hobgoblin.

Vanquished Creatures
  A dart slug (D:1)
  An endoplasm (D:1)
  A kobold (D:1)
3 creatures vanquished.

Notes
Turn   | Place    | Note
-------+----------+-------------------------------------------
     0 | D:1      | jasper the Spriggan Earth Elementalist began the quest for
                  | the Orb.
     0 | D:1      | Reached XP level 1. HP: 9/9 MP: 5/5
   164 | D:1      | Slain by a hobgoblin

Illustrated notes

Levels and vault maps discovered:
D:1:      lightli_molten_gateway, layout_basic

Action                     || total
---------------------------++-------
  Melee: Unarmed           ||     4
   Cast: Sandblast         ||     9
 Armour: Robe              ||     1
  Dodge: Dodged            ||     4
